General information
- name: BNet
- type: Ladder team game (AT/RT)
- host: Battle.net
- saver: MyPeonsWontMine
map: GolemsInTheMist
- players: 8
- length: 15:32
- speed: Fast
- version: 1.27 W3XP
- replay type: Public
» download(118 KB)
Players
team 1 (loser)

»
LuckyStrike_FTW (
pink | 90 APM | 1371 actions | 15:16)
3 Death Knight
2 Death Coil
1 Unholy Aura
2 Lich
1 Frost Nova
1 Frost Armor
» actions
| Assign group hotkey | 29 | |
| Basic commands | 10 | |
| Build / train | 56 | |
| Enter build submenu | 11 | |
| Enter hero's abilities submenu | 5 | |
| Give item / drop item | 2 | |
| Right click | 537 | |
| Select / deselect | 261 | |
| Select group hotkey | 403 | |
| Use ability | 57 | |
1371 total
» units
| Acolyte | 2 | |
| Ghoul | 3 | |
| Peasant | 2 | |
| Crypt Fiend | 11 | |
| Mortar Team | 1 | |
| Obsidian Statue | 2 | |
21 total
» upgrades
| Defend | 1 | |
| Creature Attack | 2 | |
| Flare | 1 | |
| Masonry | 1 | |
| Burrow | 1 | |
| Web | 1 | |
| Gunpowder | 1 | |
| Creature Carapace | 1 | |
9 total
» buildings
| Crypt | 2 | |
| Graveyard | 1 | |
| Ziggurat | 4 | |
| Altar of Darkness | 1 | |
| Tomb of Relics | 1 | |
| Halls of the Dead | 1 | |
| Spirit Tower | 1 | |
| Slaughterhouse | 1 | |
| Nerubian Tower | 1 | |
| Black Citadel | 1 | |
14 total
» build order
00:11 Crypt
00:31 Graveyard
00:41 Ziggurat
01:00 Altar of Darkness
01:31 Tomb of Relics
01:41 Ziggurat
02:35 Crypt
03:11 Ziggurat
06:13 Halls of the Dead
07:18 Ziggurat
07:20 Spirit Tower
09:27 Slaughterhouse
10:01 Nerubian Tower
12:10 Black Citadel
» items
| Rod of Necromancy | 2 | |
| Potion of Healing | 3 | |
| Scroll of Town Portal | 5 | |
| Dust of Appearance | 1 | |
11 total

»
mavrik (
orange | 0 APM | 0 actions | 00:07)

»
ISLAM_MAN (
purple | 78 APM | 1204 actions | 15:27)
2 Archmage
1 Summon Water Elemental
1 Brilliance Aura
2 Blood Mage
1 Flame Strike
1 Banish
» actions
| Assign group hotkey | 41 | |
| Basic commands | 9 | |
| Build / train | 60 | |
| Enter build submenu | 18 | |
| Enter hero's abilities submenu | 4 | |
| Remove unit from queue | 3 | |
| Right click | 527 | |
| Select / deselect | 329 | |
| Select group hotkey | 160 | |
| Use ability | 53 | |
1204 total
» units
| Peasant | 7 | |
| Footman | 12 | |
| Sorceress | 2 | |
| Spell Breaker | 3 | |
| Rifleman | 14 | |
| Priest | 1 | |
| Knight | 2 | |
41 total
» upgrades
» buildings
| Altar of Kings | 1 | |
| Barracks | 3 | |
| Farm | 7 | |
| Lumber Mill | 1 | |
| Blacksmith | 1 | |
| Arcane Vault | 1 | |
| Scout Tower | 2 | |
| Keep | 1 | |
| Arcane Sanctum | 1 | |
| Guard Tower | 2 | |
20 total
» build order
00:05 Altar of Kings
00:10 Barracks
00:41 Farm
01:20 Farm
01:39 Farm
02:37 Lumber Mill
02:54 Farm
03:47 Blacksmith
03:57 Arcane Vault
04:21 Scout Tower
04:39 Keep
04:54 Farm
06:02 Barracks
07:13 Arcane Sanctum
08:51 Guard Tower
08:52 Scout Tower
08:52 Farm
08:55 Farm
09:50 Guard Tower
12:28 Barracks
» items
| Potion of Healing | 1 | |
| Scroll of Town Portal | 1 | |
2 total
wiesel1986 (
yellow | 37 APM | 573 actions | 15:31)
2 Mountain King
1 Storm Bolt
1 Bash
2 Blademaster
1 Wind Walk
1 Critical Strike
» actions
| Build / train | 63 | |
| Enter build submenu | 25 | |
| Enter hero's abilities submenu | 4 | |
| Right click | 232 | |
| Select / deselect | 208 | |
| Use ability | 41 | |
573 total
» units
| Peon | 8 | |
| Peasant | 5 | |
| Footman | 8 | |
| Grunt | 7 | |
| Rifleman | 3 | |
| Raider | 3 | |
| Siege Engine | 4 | |
| Wind Rider | 4 | |
| Mortar Team | 1 | |
43 total
» upgrades
| Lumber Harvesting | 2 | |
| Pillage | 1 | |
| Melee Weapons | 2 | |
| Gunpowder | 2 | |
| Barrage | 1 | |
| Ranged Weapons | 1 | |
| Shaman Training | 1 | |
10 total
» buildings
| Barracks | 2 | |
| Farm | 5 | |
| Orc Burrow | 7 | |
| Altar of Kings | 1 | |
| Altar of Storms | 1 | |
| Voodoo Lounge | 1 | |
| War Mill | 1 | |
| Lumber Mill | 1 | |
| Blacksmith | 1 | |
| Stronghold | 1 | |
| Keep | 1 | |
| Arcane Vault | 1 | |
| Beastiary | 2 | |
| Castle | 1 | |
| Workshop | 2 | |
| Spirit Lodge | 1 | |
| Fortress | 1 | |
30 total
» build order
00:42 Barracks
00:48 Farm
00:59 Orc Burrow
01:09 Altar of Kings
01:15 Barracks
01:30 Farm
01:34 Altar of Storms
01:55 Orc Burrow
02:07 Farm
02:42 Orc Burrow
02:56 Farm
02:56 Farm
03:10 Voodoo Lounge
03:14 War Mill
03:23 Lumber Mill
03:27 Blacksmith
04:09 Stronghold
04:15 Keep
04:21 Arcane Vault
07:02 Beastiary
07:05 Beastiary
07:12 Castle
07:18 Workshop
07:21 Workshop
08:25 Orc Burrow
08:25 Orc Burrow
12:13 Spirit Lodge
12:14 Fortress
12:17 Orc Burrow
14:42 Orc Burrow
team 2 (winner)

»
Starbucks (
blue | 78 APM | 1205 actions | 15:31)
4 Demon Hunter
2 Evasion
2 Mana Burn
3 Keeper of the Grove
2 Entangling Roots
1 Thorns Aura
» actions
| Assign group hotkey | 206 | |
| Basic commands | 60 | |
| Build / train | 58 | |
| Enter build submenu | 14 | |
| Enter hero's abilities submenu | 7 | |
| Give item / drop item | 2 | |
| Right click | 286 | |
| Select / deselect | 229 | |
| Select group hotkey | 300 | |
| Use ability | 43 | |
1205 total
» units
| Wisp | 17 | |
| Archer | 6 | |
| Huntress | 5 | |
| Druid of the Talon | 5 | |
| Druid of the Claw | 2 | |
| Dryad | 1 | |
36 total
» upgrades
| Ultravision | 1 | |
| Strength of the Moon | 1 | |
| Improved Bows | 1 | |
| Sentinel | 1 | |
| Druid of the Claw Training | 2 | |
| Upgrade Moon Glaive | 1 | |
7 total
» buildings
| Altar of Elders | 1 | |
| Moon Well | 6 | |
| Ancient of War | 1 | |
| Ancient of Wonders | 1 | |
| Hunter's Hall | 1 | |
| Tree of Ages | 1 | |
| Ancient Protector | 1 | |
| Tree of Eternity | 1 | |
| Ancient of Wind | 1 | |
| Ancient of Lore | 1 | |
15 total
» build order
00:22 Altar of Elders
00:33 Moon Well
01:49 Ancient of War
01:53 Moon Well
02:17 Ancient of Wonders
02:25 Hunter's Hall
03:23 Tree of Ages
03:29 Ancient Protector
03:40 Moon Well
05:20 Moon Well
08:58 Tree of Eternity
09:01 Ancient of Wind
09:07 Ancient of Lore
10:17 Moon Well
10:18 Moon Well
» items
| Scroll of Town Portal | 2 | |
| Orb of Venom | 1 | |
| Potion of Healing | 1 | |
4 total
weedc3 (
red | 125 APM | 1935 actions | 15:31)
4 Keeper of the Grove
2 Entangling Roots
2 Thorns Aura
3 Demon Hunter
2 Mana Burn
1 Evasion
2 Priestess of the Moon
1 Trueshot Aura
1 Searing Arrows
» actions
| Assign group hotkey | 87 | |
| Basic commands | 99 | |
| Build / train | 88 | |
| ESC pressed | 1 | |
| Enter build submenu | 22 | |
| Enter hero's abilities submenu | 9 | |
| Give item / drop item | 3 | |
| Right click | 872 | |
| Select / deselect | 308 | |
| Select group hotkey | 358 | |
| Use ability | 88 | |
1935 total
» units
| Wisp | 26 | |
| Archer | 4 | |
| Huntress | 3 | |
| Dryad | 2 | |
| Druid of the Claw | 3 | |
38 total
» upgrades
| Ultravision | 1 | |
| Improved Bows | 1 | |
| Abolish Magic | 1 | |
| Druid of the Claw Training | 2 | |
| Strength of the Wild | 2 | |
| Reinforced Hides | 2 | |
| Hardened Skin | 1 | |
| Resistant Skin | 1 | |
| Mark of the Claw | 1 | |
12 total
» buildings
| Altar of Elders | 1 | |
| Moon Well | 7 | |
| Ancient of War | 1 | |
| Hunter's Hall | 1 | |
| Tree of Ages | 1 | |
| Tree of Life | 2 | |
| Ancient of Wonders | 1 | |
| Ancient of Lore | 2 | |
| Tree of Eternity | 1 | |
| Ancient of Wind | 1 | |
18 total
» build order
00:04 Altar of Elders
00:18 Moon Well
00:39 Ancient of War
01:48 Moon Well
02:26 Hunter's Hall
03:21 Tree of Ages
03:53 Tree of Life
04:04 Tree of Life
04:23 Moon Well
04:51 Ancient of Wonders
07:09 Ancient of Lore
07:09 Ancient of Lore
08:39 Tree of Eternity
09:38 Moon Well
09:38 Moon Well
10:00 Moon Well
10:01 Moon Well
12:22 Ancient of Wind
» items
| Staff of Preservation | 3 | |
| Dust of Appearance | 3 | |
| Orb of Venom | 1 | |
| Anti-magic Potion | 2 | |
| Potion of Healing | 2 | |
11 total
MyPeonsWontMine (
teal | 68 APM | 1062 actions | 15:32)
4 Blademaster
2 Wind Walk
2 Critical Strike
» actions
| Assign group hotkey | 21 | |
| Basic commands | 10 | |
| Build / train | 45 | |
| Enter build submenu | 22 | |
| Enter hero's abilities submenu | 5 | |
| Give item / drop item | 2 | |
| Remove unit from queue | 2 | |
| Right click | 531 | |
| Select / deselect | 264 | |
| Select group hotkey | 113 | |
| Use ability | 47 | |
1062 total
» units
» upgrades
» buildings
| Orc Burrow | 5 | |
| Altar of Storms | 1 | |
| Barracks | 2 | |
| War Mill | 1 | |
| Stronghold | 1 | |
| Watch Tower | 8 | |
| Voodoo Lounge | 2 | |
| Fortress | 1 | |
| Great Hall | 1 | |
22 total
» build order
00:11 Orc Burrow
00:50 Altar of Storms
00:51 Barracks
01:05 Orc Burrow
01:58 War Mill
02:56 Stronghold
03:58 Watch Tower
04:00 Watch Tower
04:11 Voodoo Lounge
04:13 Voodoo Lounge
04:25 Watch Tower
05:03 Watch Tower
05:06 Watch Tower
05:10 Barracks
06:25 Orc Burrow
06:26 Orc Burrow
06:42 Orc Burrow
06:54 Watch Tower
12:27 Fortress
13:17 Great Hall
13:42 Watch Tower
13:42 Watch Tower
» items
| Healing Salve | 3 | |
| Lesser Clarity Potion | 2 | |
| Scroll of Speed | 1 | |
6 total
TimIsHere (
green | 55 APM | 851 actions | 15:31)
4 Death Knight
2 Death Coil
1 Death Pact
1 Unholy Aura
» actions
| Assign group hotkey | 23 | |
| Build / train | 26 | |
| Enter build submenu | 9 | |
| Enter hero's abilities submenu | 4 | |
| Give item / drop item | 1 | |
| Remove unit from queue | 1 | |
| Right click | 256 | |
| Select / deselect | 93 | |
| Select group hotkey | 401 | |
| Use ability | 37 | |
851 total
» units
| Acolyte | 4 | |
| Ghoul | 3 | |
| Crypt Fiend | 5 | |
12 total
» upgrades
| Creature Attack | 1 | |
| Creature Carapace | 1 | |
2 total
» buildings
| Ziggurat | 3 | |
| Altar of Darkness | 1 | |
| Crypt | 1 | |
| Graveyard | 1 | |
| Tomb of Relics | 1 | |
| Nerubian Tower | 1 | |
| Halls of the Dead | 0 | |
| Spirit Tower | 1 | |
9 total
» build order
00:09 Ziggurat
00:11 Altar of Darkness
00:29 Crypt
00:47 Graveyard
01:09 Tomb of Relics
01:22 Ziggurat
01:54 Nerubian Tower
04:14 Ziggurat
05:05 Halls of the Dead
05:33 Spirit Tower
» items
| Rod of Necromancy | 1 | |
| Potion of Mana | 1 | |
| Lesser Clarity Potion | 1 | |
| Potion of Healing | 1 | |
4 total
Chat log
(00:04 / All) mavrik: Не хочу я с вами играть
(00:07 / All) mavrik: Заебали
(00:21 / Allies) TimIsHere: 100
(00:34 / Allies) TimIsHere: ty
(01:01 / Allies) weedc3: mypeonswontmine will tk me
(01:16 / Allies) TimIsHere: teal plz not
(01:23 / Allies) weedc3: hes convinced i got mh
(01:33 / Allies) weedc3: dude watch the replay, peon ran past my aow
(01:35 / Allies) TimIsHere: no mh is working after update or?
(01:44 / Allies) weedc3: *peasant
(04:03 / Allies) TimIsHere: teal shop
(05:36 / Allies) Starbucks: repaior
(05:43 / Allies) TimIsHere: tp
(05:43 / Allies) TimIsHere: tp
(05:44 / Allies) TimIsHere: tp
(06:36 / Allies) Starbucks: repiar
(07:30 / Allies) TimIsHere: lol
(07:46 / All) TimIsHere: this teal noob
(07:57 / All) LuckyStrike_FTW: u too
(10:02 / Allies) Starbucks: have to hit
(12:30 / Allies) TimIsHere: get my mine
(12:34 / Allies) TimIsHere: teal
(12:45 / Allies) Starbucks: we haeve to take someeone our or else gg
(12:50 / Allies) Starbucks: out*
(13:52 / Allies) TimIsHere: dk
(13:52 / Allies) TimIsHere: dk
(13:53 / Allies) TimIsHere: dk
(14:45 / Allies) Starbucks: b
(15:18 / All) TimIsHere: hhahaha
(15:19 / Allies) Starbucks: gj red